 Dungeon Crawl Stone Soup version 0.26.1-11-gd32895ea62 (webtiles) character file.

Game seed: 2541948337443222190

205 Amplified the Chiller (level 5, -6/38 HPs)
             Began as a Mummy Ice Elementalist on May 31, 2021.
             Mangled by an iguana (12 damage)
             ... on level 3 of the Dungeon.
             The game lasted 00:03:47 (4319 turns).

Amplified the Chiller (Mummy Ice Elementalist)      Turns: 4319, Time: 00:03:48

Health: -6/38      AC:  2    Str: 11    XL:     5   Next: 52%
Magic:  8/10       EV: 12    Int: 16    God:
Gold:   171        SH:  0    Dex: 12    Spells: 0/11 levels left

rFire    . . .     SeeInvis .   b - +3 short sword (drain)
rCold    + . .     Faith    .   (no shield)
rNeg     + + +     Spirit   .   a - +0 robe
rPois    ∞         Reflect  .   (no helmet)
rElec    .         Harm     .   (no cloak)
rCorr    .         Rampage  .   (no gloves)
Will     .....                  (no boots)
Stlth    ++........             (no amulet)
HPRegen  0.12/turn              d - ring of protection from fire
MPRegen  0.12/turn              (no ring)

@: about to teleport
A: no potions, fire vulnerability, cold resistance 1, negative energy resistance
3, torment resistance, unbreathing
a: no special abilities


You were on level 3 of the Dungeon.
You visited 1 branch of the dungeon, and saw 4 of its levels.

You collected 171 gold pieces.

Inventory:

Hand Weapons
 b - a +3 short sword of draining (weapon)
Missiles
 c - a curare-tipped dart (quivered)
Armour
 a - a +0 robe (worn)
Jewellery
 d - a ring of protection from fire (left hand)
Scrolls
 e - a scroll of teleportation
 g - 4 scrolls of amnesia


   Skills:
 * Level 1.9 Fighting
 + Level 2.2 Short Blades
 - Level 1.5 Dodging
 - Level 1.5 Stealth
 * Level 3.7 Spellcasting
 * Level 4.3 Ice Magic


You couldn't memorise any spells.
You knew the following spells:

 Your Spells              Type           Power        Failure   Level
a - Freeze                Ice            64%          3%          1
b - Frozen Ramparts       Ice            32%          9%          3
c - Ozocubu's Armour      Ice            16%          9%          3
d - Hailstorm             Conj/Ice       9%           56%         4

Your spell library contained the following spells:

 Spells                   Type           Power        Failure   Level
 Summon Ice Beast         Ice/Summ       9%           56%         4


Dungeon Overview and Level Annotations

Branches:
Dungeon (4/15)
 Temple: D:4-7

Altars:

Annotations:
D:2 Sigmund


Innate Abilities, Weirdness & Mutations

You do not drink.
Your flesh is vulnerable to fire.
You are immune to poison.
Your flesh is cold resistant. (rC+)
You are immune to negative energy. (rN+++)
You are immune to unholy pain and torment.
You can survive without breathing.


Message History

The curare-tipped dart completely misses the iguana.
Unknown command.
The iguana closely misses you.
There is a stone staircase leading down here.
Throw: 2 darts (curare)
Press: ? - help, Q - select action, (/) - cycle Shift-Dir - straight line, f/p - iguana
Aim: an iguana (heavily wounded, 60% to hit)
You throw a curare-tipped dart.
The curare-tipped dart barely misses the iguana.
The iguana bites you.
* * * LOW HITPOINT WARNING * * *
Sorry, you're not good enough to have a special ability.
Unknown command.
Casting: Frozen Ramparts (dangerous; 9% risk of failure)
Confirm with . or Enter, or press ? or * to list all spells.
Okay, then.
Okay, then.
As you read the scroll of teleportation, it crumbles to dust.
You feel strangely unstable. The iguana bites you!
You die...

#.# #.# #.# #.# #.# #.# #.# #.#
#.# #.# #####.# #.# #.# #.# ##'##
......# #.###.###(# ##...##
.###..# #.........# ##.....## .#
#..# #####.#.### ##.......##
.###.##########....####.........#
......................'.........'
##...##########.@..####....<....#
#...# ##l#.## ##(..[...## ###.#
##...## ##.....## #.# #(>..(#
##...## #.# ##...## ##'## #.#
##.## #.# #.# #.# #.# #.# #.#
###.##### #.# #.# #........


You could see an iguana.

Vanquished Creatures
  A howler monkey (D:4)
  A hound (D:4)
  A worker ant (D:4)
  A hound zombie (D:4)
  3 oozes
  An adder skeleton (D:4)
  2 worms
  2 dart slugs (D:1)
  2 leopard geckos
  6 orcs
  3 giant cockroaches
  5 goblins
  7 hobgoblins
  4 jackals (D:2)
  3 quokkas
  2 ball pythons (D:2)
  5 bats
  4 frilled lizards (D:1)
  5 kobolds
  A leopard gecko skeleton (D:4)
  A quokka zombie (D:4)
  6 rats
66 creatures vanquished.

Notes
Turn   | Place    | Note
-------+----------+-------------------------------------------
     0 | D:1      | Amplified the Mummy Ice Elementalist began the quest for
                  | the Orb.
     0 | D:1      | Reached XP level 1. HP: 13/13 MP: 4/4
   145 | D:1      | Reached XP level 2. HP: 15/19 MP: 5/5
   762 | D:1      | Reached XP level 3. HP: 22/24 MP: 7/7
   807 | D:1      | Learned a level 3 spell: Frozen Ramparts
  1247 | D:2      | Reached skill level 4 in Ice Magic
  1572 | D:2      | Noticed Sigmund
  2049 | D:3      | Learned a level 3 spell: Ozocubu's Armour
  2608 | D:3      | Found a faded altar of an unknown god.
  2700 | D:3      | Reached skill level 1 in Short Blades
  2700 | D:3      | Reached XP level 4. HP: 27/31 MP: 4/8
  3029 | D:3      | Reached skill level 1 in Fighting
  3489 | D:4      | Reached XP level 5. HP: 31/38 MP: 8/10
  3782 | D:2      | Learned a level 4 spell: Hailstorm
  4319 | D:3      | Mangled by an iguana

Illustrated notes

Levels and vault maps discovered:
D:1:      scummos_arrival_hexagon, layout_basic
D:2:      layout_basic, uniq_sigmund
D:3:      layout_loops_corners, nicolae_overflow_hidden_temple,
          chequers_ecumenical_altar_lobes
D:4:      cheibrodos_quashed, layout_basic, minmay_temple_entry_proselytizer,
          serial_undead, serial_undead_e, serial_undead_b, serial_undead_c,
          serial_undead_f, grunt_ministairs_9

Skill      XL: |  1  2  3  4 |
---------------+-------------+-----
Spellcasting   | 3 |  3.7
Ice Magic      | 4 |  4.3
Short Blades   | 1 2 |  2.2
Fighting       | 1 |  1.9
Dodging        | |  1.5
Stealth        | |  1.5

Action                   |  1- 3 |  4- 6 || total
-------------------------+-------+-------++-------
Melee: Short sword       |   101 |    71 ||   172
Throw: Dart              |       |     3 ||     3
 Cast: Freeze            |     5 |     1 ||     6
       Frozen Ramparts   |     2 |     2 ||     4
  Use: Scroll            |     1 |     5 ||     6
 Stab: Sleeping          |     1 |     4 ||     5
Armor: Robe              |    15 |    11 ||    26
Dodge: Dodged            |    56 |    50 ||   106
